 Dungeon Crawl Stone Soup version 0.28-a0-535-g6f645e4c1d (webtiles) character file.

Game seed: 14611504554962925545

44 omnomnOMINOUS the Cudgeller (level 3, -2/26 HPs)
             Began as an Octopode Wanderer on Sept 26, 2021.
             Succumbed to an adder's poison
             ... on level 2 of the Dungeon.
             The game lasted 00:03:04 (1339 turns).

omnomnOMINOUS the Cudgeller (Octopode Wanderer)     Turns: 1339, Time: 00:03:04

Health: -2/26      AC:  1    Str: 13    XL:     3   Next: 60%
Magic:  3/3        EV: 13    Int: 20    God:
Gold:   41         SH:  0    Dex: 10    Spells: 2/2 levels left

rFire   . . .      SeeInvis .   a - +0 mace
rCold   + . .      Faith    .   (no shield)
rNeg    . . .      Spirit   .   (helmet restricted)
rPois   .          Reflect  .   (no amulet)
rElec   .          Harm     .   h - +6 ring of intelligence
rCorr   .          Rampage  .   j - ring of protection from cold
Will    .....                   (no ring)
Stlth   ++........              (no ring)
HPRegen 0.08/turn               (no ring)
MPRegen 0.08/turn               (no ring)
                                (no ring)
                                (no ring)

@: lethally poisoned (-2 -> -15), attractive
A: almost no armour, amphibious, 8 rings, camouflage 1, gelatinous body 1,
(nimble swimmer 1), tentacles
a: no special abilities


You were on level 2 of the Dungeon.
You visited 1 branch of the dungeon, and saw 2 of its levels.

You collected 41 gold pieces.

Inventory:

Hand Weapons
 a - a +0 mace (weapon)
 b - a +1 dagger of speed
 i - a +0 spear
Magical Staves
 d - a staff of conjuration
 e - a staff of air
Jewellery
 h - a +6 ring of intelligence (left tentacle)
 j - a ring of protection from cold (right tentacle)
Wands
 f - a wand of flame (13) (quivered)
Scrolls
 c - a scroll of teleportation


   Skills:
 + Level 3.0 Fighting
 - Level 1.0(2.6) Axes
 - Level 4.0 Maces & Flails
 + Level 3.0 Dodging
 - Level 1.3 Stealth
 + Level 0.1 Spellcasting
 + Level 0.1 Conjurations
 - Level 1.1 Evocations


You had 2 spell levels left.
You didn't know any spells.
Your spell library was empty.

Dungeon Overview and Level Annotations

Branches:
Dungeon (2/15)

Altars:

Annotations:
D:2 Jessica


Innate Abilities, Weirdness & Mutations

You cannot wear most types of armour.
You are amphibious.
You can wear up to eight rings at the same time.
Your skin changes colour to match your surroundings (Stealth+).
Your rubbery body absorbs attacks. (AC +1, EV +1)
((You are camouflaged near water. (Stealth+)))
You have tentacles for arms and can constrict up to eight enemies at once.


Message History

The ball python is moderately wounded.
You constrict the ball python.
You kill the ball python!
Aiming: Throw Flame
Press: ? - help, Shift-Dir - straight line, f - adder
Aim: an adder (48% to hit)
The puff of flame misses the adder.
The puff of flame hits the ball python.
You kill the ball python!
Unknown command.
You closely miss the adder. You grab the adder. You constrict the adder.
Jessica mumbles some strange words.
Jessica blinks!
The adder bites you.
You are poisoned.
The adder poisons you!
Jessica casts a spell.
Jessica blinks!
The adder completely misses you.
You barely miss the adder.
The adder is lightly wounded.
You constrict the adder.
You feel sick. The adder misses you.
You hit the adder.
The adder is heavily wounded.
You constrict the adder.
You feel sick. The adder bites you. x2
You are more poisoned.
The adder poisons you!
It was a potion of attraction.
You feel attractive to monsters.
You constrict the adder.
You feel sick. Jessica casts a spell at you. Pain shoots through your body!
* * * LOW HITPOINT WARNING * * *
The adder bites you.
* * * LOW HITPOINT WARNING * * *
You are more poisoned.
The adder poisons you! Jessica is attracted toward you.
You aren't carrying any potions.
Okay, then.
Unknown command.
You hit the adder.
You kill the adder!
You die...

##.# #.# ####
...# #.#
###...# ####
#.# ..#...##
#.# #....#P
#.# ..... #.#
.S. #.#### #S#
#....# #[#
############.#
#@#
.........###.#
#@###
#.#####...##.#
#...####.#


P.PPPPPPP.##.# #.ยง......# P.P.P.....##.# #...###### P.P.P.P.P###.# ##.##
..P.P.P.P# #.# #.# P.P.PPP.P# #.# #.# ........P# #.# #.# You could see Jessica
(fast) and 2 ball pythons.

Vanquished Creatures
  2 adders (D:2)
  A dart slug (D:2)
  10 ball pythons
  2 endoplasms
  A giant cockroach (D:1)
  2 goblins (D:1)
  3 hobgoblins (D:1)
  5 kobolds (D:1)
  2 bats (D:1)
  4 frilled lizards (D:1)
  2 rats
34 creatures vanquished.

Notes
Turn   | Place    | Note
-------+----------+-------------------------------------------
     0 | D:1      | omnomnOMINOUS the Octopode Wanderer began the quest for the
                  | Orb.
     0 | D:1      | omnomnOMINOUS set off with the following items: a +0 mace,
                  | a wand of flame (15), a scroll of teleportation
     0 | D:1      | Reached XP level 1. HP: 16/16 MP: 1/1
   178 | D:1      | Reached skill level 1 in Dodging
   191 | D:1      | Reached XP level 2. HP: 12/21 MP: 2/2
   815 | D:1      | Reached XP level 3. HP: 23/26 MP: 3/3
  1327 | D:2      | Noticed Jessica
  1339 | D:2      | Succumbed to an adder's poison

Illustrated notes

Levels and vault maps discovered:
D:1:      eino_arrival_tree_alley, layout_basic
D:2:      layout_loops_ring, basic_altar,
          shapermc_ecumenical_altar_mp_urbaneastern, minmay_hedge_maze,
          minmay_shallow_snake_nest, uniq_jessica

Skill      XL: |  1  2  3 |
---------------+----------+-----
Dodging        | 1 2 3 |  3.0
Fighting       | |  3.0
Axes           | |  1.0
Maces & Flails | |  4.0
Stealth        | |  1.3
Spellcasting   | |  0.1
Conjurations   | |  0.1
Evocations     | |  1.1

Action                   || total
-------------------------++-------
Melee: Mace              ||    63
       Constrict         ||    21
       Tentacles         ||     9
Evoke: Wand              ||     2
  Use: Potion            ||     1
 Stab: Sleeping          ||    10
Armor: Skin              ||     4
Dodge: Dodged            ||    33

Table legend: (Time is in decaauts)
 A = Elapsed time spent in this place.
 B = Non-inter-level travel time spent in this place.
 C = Inter-level travel time spent in this place.
 D = Time resting spent in this place.
 E = Time spent auto-exploring this place.
 F = Levels seen in this place.
 G = Mean time per level.
                   A        B        C        D        E       F      G
               +--------+--------+--------+--------+--------+-----+--------+
         Total |   1351 |   1319 |     32 |    638 |    369 |   2 |  675.5 |
       Dungeon |   1351 |   1319 |     32 |    638 |    369 |   2 |  675.5 |
               +--------+--------+--------+--------+--------+-----+--------+

Top non-repeatable levels by time:
     D:1: 912 daAuts
     D:2: 438 daAuts
